 Dungeon Crawl Stone Soup version 0.27.1-3-gb3d3a73c9e (webtiles) character file.

Game seed: 11329611421767092940

95 CuBeRJAN3 the Magician (level 4, 4/25 HPs)
             Began as a Deep Elf Fire Elementalist on Oct 16, 2021.
             Was an Initiate of Nemelex Xobeh.
             Quit the game on level 3 of the Dungeon on Oct 19, 2021.
             The game lasted 00:12:55 (3216 turns).

CuBeRJAN3 the Magician (Deep Elf Fire Elementalist) Turns: 3216, Time: 00:12:56

Health: 4/25       AC:  2    Str:  5    XL:     4   Next: 40%
Magic:  12/12      EV: 12    Int: 27    God:    Nemelex Xobeh [......]
Gold:   94         SH:  0    Dex: 15    Spells: 4/11 levels left

rFire    x . .     SeeInvis .   d - +0 hunting sling
rCold    + . .     Faith    .   (no shield)
rNeg     . . .     Spirit   .   a - +0 robe
rPois    .         Reflect  .   (no helmet)
rElec    .         Harm     .   (no cloak)
rCorr    .         Rampage  .   (no gloves)
Will     .....                  (no boots)
Stlth    ++........             m - amulet of the acrobat
HPRegen  0.08/turn              f - ring of ice
MPRegen  0.13/turn              g - +6 ring of intelligence

@: no status effects
A: no striking features
a: Renounce Religion, Draw Escape, Draw Destruction, Draw Summoning


You were on level 3 of the Dungeon.
You worshipped Nemelex Xobeh.
Nemelex Xobeh was noncommittal.
You visited 1 branch of the dungeon, and saw 4 of its levels.

You collected 94 gold pieces.

Inventory:

Hand Weapons
 d - a +0 hunting sling (weapon)
Missiles
 k - 12 sling bullets (quivered ammo)
Armour
 a - a +0 robe (worn)
 c - a scarf of shadows
Jewellery
 f - a ring of ice (left hand)
 g - a +6 ring of intelligence (right hand)
 m - an amulet of the acrobat (around neck)
Scrolls
 e - 2 scrolls of enchant weapon
 i - a scroll of vulnerability
 l - a scroll of teleportation
 n - a scroll of fog {unknown}
Potions
 b - a potion of haste
 h - a potion of degeneration
 j - a potion of invisibility {unknown}
 o - a potion of flight {unknown}
 p - 2 potions of brilliance {unknown}


   Skills:
 * Level 1.6 Fighting
 + Level 0.1 Slings
 - Level 2.4 Dodging
 + Level 2.9 Stealth
 * Level 4.0 Spellcasting
 + Level 1.8 Conjurations
 + Level 1.5 Hexes
 + Level 3.6 Fire Magic


You had 4 spell levels left.
You knew the following spells:

 Your Spells              Type           Power      Damage    Failure   Level
a - Foxfire               Conj/Fire      80%        2x1d8     2%          1
b - Conjure Flame         Conj/Fire      20%        6-21      8%          3
c - Inner Flame           Hex/Fire       19%        N/A       9%          3

Your spell library contained the following spells:

 Spells                   Type           Power      Damage    Failure   Level
 Beastly Appendage        Tmut           10%        N/A       8%          1
 Summon Small Mammal      Summ           20%        N/A       8%          1
 Wereblood                Tmut           5%         N/A       12%         2
 Summon Guardian Golem    Hex/Summ       9%         N/A       17%         3
 Call Canine Familiar     Summ           5%         N/A       24%         3
 Ozocubu's Armour         Ice            8%         N/A       24%         3
 Spider Form              Tmut/Pois      2%         N/A       24%         3
 Sticky Flame             Conj/Fire      20%        2d4       26%         4
 Fireball                 Conj/Fire      10%        3d6       56%         5
 Ozocubu's Refrigeration  Ice            4%         4d5       100%        7


Dungeon Overview and Level Annotations

Branches:
Dungeon (4/15)
 Temple: D:4-7

Altars:
Dithmenos
Elyvilon
Fedhas
Hepliaklqana
Nemelex Xobeh
Okawaru
Ru
Vehumet
Wu Jian
Yredelemnul

Shops:
D:2 *

Annotations:
D:2 1 exclusion


Message History

The endoplasm misses you. The jackal completely misses you.
Fire: 15 sling bullets
Press: ? - help, Shift-Dir - straight line, f/p - endoplasm
Aim: an endoplasm (85% to hit)
You shoot a sling bullet. The sling bullet hits the endoplasm.
The endoplasm is lightly wounded.
The jackal bites you. x2
The endoplasm freezes you.
You are frozen.
You resist. The jackal barely misses you. The jackal closely misses you.
Fire: 14 sling bullets
Press: ? - help, Shift-Dir - straight line, f/p - endoplasm
Aim: an endoplasm (lightly wounded, 85% to hit)
You shoot a sling bullet.
The sling bullet hits the endoplasm but does no damage.
The endoplasm is lightly wounded.
The jackal bites you. The jackal completely misses you.
The endoplasm freezes you.
You are frozen.
You resist. The jackal barely misses you.
Really attack while wielding your +0 hunting sling? [Y]es or [N]o only, please.
Really attack while wielding your +0 hunting sling? [Y]es or [N]o only, please.
Really attack while wielding your +0 hunting sling?
Okay, then.
Fire: 13 sling bullets
Press: ? - help, Shift-Dir - straight line, f/p - endoplasm
Aim: an endoplasm (lightly wounded, 85% to hit)
You shoot a sling bullet.
The sling bullet hits the endoplasm but does no damage.
The endoplasm is lightly wounded.
The jackal barely misses you. The endoplasm freezes you.
You are frozen.
You resist.
* * * LOW HITPOINT WARNING * * *
The jackal bites you.
* * * LOW HITPOINT WARNING * * *
The jackal closely misses you. The endoplasm closely misses you.
Okay, then.
Are you sure you want to abandon this character and quit the game? (Confirm with "yes".)

########### #......J@h#
#.###..##h# #########
#.###..##.# #.......#
#.#.....#># ### #.#####.#
#.#.#...#.###.###.#####.#
#.#.#...#.##.#.......##.#
#....(......###.#.##.##.#
###.########.#.##.##.##.#
#.# ##.###.......#


You could see an endoplasm and 2 jackals.

Vanquished Creatures
  2 adders (D:2)
  2 worms (D:2)
  3 dart slugs
  2 orcs
  8 ball pythons
  11 bats
  4 endoplasms
  2 giant cockroaches
  A goblin (D:2)
  6 hobgoblins
  3 jackals (D:3)
  7 kobolds
  A quokka (D:1)
  7 rats
59 creatures vanquished.

Vanquished Creatures (others)
  138 foxfires
138 creatures vanquished.

Grand Total: 197 creatures vanquished

Notes
Turn   | Place    | Note
-------+----------+-------------------------------------------
     0 | D:1      | CuBeRJAN3 the Deep Elf Fire Elementalist began the quest
                  | for the Orb.
     0 | D:1      | Reached XP level 1. HP: 10/10 MP: 6/6
     2 | D:1      | Noticed a barachi
     4 | D:1      | Noticed a troll
     4 | D:1      | Noticed a formicid
     6 | D:1      | Noticed an ogre
     8 | D:1      | Noticed a dwarf
     8 | D:1      | Noticed a human
    10 | D:1      | Noticed a spriggan
    12 | D:1      | Noticed a merfolk
    12 | D:1      | Noticed a vampire
    14 | D:1      | Noticed a gargoyle
    14 | D:1      | Noticed a tengu
    16 | D:1      | Noticed a demonspawn
    16 | D:1      | Noticed an octopode
    18 | D:1      | Noticed a demigod
    18 | D:1      | Noticed a draconian
    20 | D:1      | Noticed a ghoul
    20 | D:1      | Noticed an elf
    22 | D:1      | Noticed a djinni
    22 | D:1      | Noticed a felid
    24 | D:1      | Noticed a vine stalker
    24 | D:1      | Noticed a naga
    26 | D:1      | Noticed a palentonga
    26 | D:1      | Noticed a minotaur
   283 | D:1      | Reached XP level 2. HP: 16/16 MP: 6/8
   805 | D:1      | Reached skill level 1 in Fighting
   806 | D:1      | Reached XP level 3. HP: 20/20 MP: 7/10
   927 | D:2      | Reached skill level 1 in Hexes
  1691 | D:2      | Reached XP level 4. HP: 20/25 MP: 8/11
  1844 | D:2      | Found Daluaceo's Assorted Antiques.
  2024 | D:2      | Learned a level 3 spell: Conjure Flame
  2028 | D:2      | Learned a level 3 spell: Inner Flame
  2441 | D:3      | Reached skill level 4 in Spellcasting
  2459 | D:3      | Found a sparkling altar of Nemelex Xobeh.
  2473 | D:3      | Became a worshipper of Nemelex Xobeh the Trickster
  2552 | D:3      | Found a shadowy altar of Dithmenos.
  2555 | D:3      | Found an iron altar of Okawaru.
  2560 | D:3      | Found a blossoming altar of Fedhas.
  2560 | D:3      | Found an ornate altar of the Wu Jian Council.
  2560 | D:3      | Found a sacrificial altar of Ru.
  2560 | D:3      | Found a hazy altar of Hepliaklqana.
  2564 | D:3      | Found a white marble altar of Elyvilon.
  2566 | D:3      | Found a radiant altar of Vehumet.
  2567 | D:3      | Found a basalt altar of Yredelemnul.
  3216 | D:3      | Quit the game

Illustrated notes

Levels and vault maps discovered:
D:1:      kb_arrival_jail, layout_rooms
D:2:      layout_basic, serial_shops, shop, grunt_ministairs_8,
          minmay_misc_feat_rugged, minivault_23, hangedman_feature_mirror
D:3:      layout_loops_cross, nemelex_dance_club_becter, minitemple
D:4:      layout_basic, led_xom_imps

Skill      XL: |  1  2  3  4 |
---------------+-------------+-----
Fighting       | 1 |  1.6
Hexes          | 1 |  1.5
Spellcasting   | 4 |  4.0
Slings         | |  0.1
Dodging        | |  2.4
Stealth        | |  2.9
Conjurations   | |  1.8
Fire Magic     | |  3.6

Action                   |  1- 3 |  4- 6 || total
-------------------------+-------+-------++-------
Melee: Unarmed           |    10 |       ||    10
       Hunting sling     |       |     5 ||     5
 Fire: Hunting sling     |       |    26 ||    26
 Cast: Foxfire           |    66 |    22 ||    88
  Use: Scroll            |     3 |     2 ||     5
Armor: Robe              |     7 |    15 ||    22
Dodge: Dodged            |    21 |    50 ||    71
